 Dungeon Crawl Stone Soup version 0.27-a0-1597-ge58577e147 (webtiles) character file.

Game seed: 9251541460401983361

125 DocSulfur the Chucker (level 4, -3/38 (41) HPs)
             Began as a Troll Hunter on July 21, 2021.
             Was an Initiate of Okawaru.
             Succumbed to a kobold brigand's poison
             ... on level 2 of the Dungeon.
             The game lasted 00:03:24 (2037 turns).

DocSulfur the Chucker (Troll Hunter)                Turns: 2037, Time: 00:03:26

HP:   -3/38 (41)    AC:  4    Str: 20    XL:     4   Next: 82%
MP:   3/3           EV:  9    Int:  7    God:    Okawaru [......]
Gold: 97            SH:  0    Dex: 11    Spells: 3/3 levels left

rFire    . . .     SeeInvis .     - Unarmed
rCold    . . .     Faith    .   (no shield)
rNeg     . . .     Spirit   .   b - +0 robe
rPois    .         Reflect  .   (helmet restricted)
rElec    .         Harm     .   (no cloak)
rCorr    .         Rampage  .   (gloves unavailable)
Will     .....                  (boots unavailable)
Stlth    +.........             g - amulet of magic regeneration
HPRegen  1.12/turn              (no ring)
MPRegen  0.33/turn              (no ring)

@: lethally poisoned (-3 -> -12), drained
A: large, unfitting armour, claws 3, regeneration 1, shaggy fur 1, tough skin 1
a: Renounce Religion


You were on level 2 of the Dungeon.
You worshipped Okawaru.
Okawaru was noncommittal.
You visited 1 branch of the dungeon, and saw 3 of its levels.

You collected 133 gold pieces.
You spent 36 gold pieces at shops.

Inventory:

Missiles
 a - 8 javelins (quivered)
 c - 5 large rocks
 d - 2 throwing nets
Armour
 b - a +0 robe (worn)
Jewellery
 g - an amulet of magic regeneration (around neck)
 h - an amulet of faith
 n - a +6 ring of dexterity
Scrolls
 f - a scroll of summoning {unknown}
 i - a scroll of noise {unknown}
 j - a scroll of identify {unknown}
 q - a scroll of fog {unknown}
Potions
 e - a potion of curing
 k - a potion of brilliance {unknown}
 l - 2 potions of heal wounds {unknown}
 m - a potion of ambrosia {unknown}
 o - a potion of lignification {unknown}
 p - a potion of cancellation {unknown}


   Skills:
 - Level 1.5 Fighting
 + Level 4.4 Throwing
 - Level 1.5 Dodging
 - Level 0.3 Stealth
 * Level 3.6 Unarmed Combat


You had 3 spell levels left.
You didn't know any spells.
Your spell library was empty.

Dungeon Overview and Level Annotations

Branches:
Dungeon (3/15)

Altars:
Dithmenos
Okawaru

Shops:
D:3 !


Innate Abilities, Weirdness & Mutations

You are too large for most types of armour.
You have claws for hands.
Your natural rate of healing is unusually fast.
You are covered in fur. (AC +1)
You have tough skin. (AC +1)


Message History

The kobold brigand is almost dead.
The kobold brigand hits you with a +0 club!
* * * LOW HITPOINT WARNING * * *
Okay, then.
You feel better.
The kobold brigand hits you with a +1 dagger of draining.
* * * LOW HITPOINT WARNING * * *
You feel drained.
* * * LOW HITPOINT WARNING * * *
The kobold brigand hits you with a +0 club.
* * * LOW HITPOINT WARNING * * *
The kobold brigand hits you with a +1 dagger of draining.
* * * LOW HITPOINT WARNING * * *
You feel drained.
* * * LOW HITPOINT WARNING * * *
The kobold brigand throws a poisoned dart.
The poisoned dart hits you!
You are poisoned.
You feel sick.
The kobold brigand throws a poisoned dart.
The poisoned dart hits you!
You are more poisoned.
You feel very sick.
The kobold brigand throws a poisoned dart.
The poisoned dart hits you!
You are lethally poisoned!
* * * LOW HITPOINT WARNING * * *
You feel very sick.
The kobold brigand throws a poisoned dart.
The poisoned dart barely misses you.
* * * LOW HITPOINT WARNING * * *
You feel very sick.
There is an escape hatch in the ceiling here.
* * * LOW HITPOINT WARNING * * *
You feel very sick.
The kobold brigand throws a poisoned dart.
The poisoned dart hits you!
You are more poisoned.
A mysterious force pulls you upwards. The hatch slams shut behind you.
You die...

##.## ##.....# ### #.#
#...# #....### #.# #...#
#.#### ###># #...# #.#
#.... #...#########.# #.###
#..........##.### #######
#.# # ##....##.###.....#
#.....# #.### ........##
##..#.####.....# #....
........# #..#@##.......#
##### ........##
##.)#.#........# ###
.#......)###.<............#
#..
.#...####...#.##.#...######
#.# .....# ##.......#####
#.# ##...# ####.#### #.#
.#...## #.# ########.#
##....# ###.# #........#
....#.#
##.#.##########.#####..#


There were no monsters in sight!

Vanquished Creatures
  Terence (D:2)
  3 adders
  3 dart slugs
  4 ball pythons
  5 endoplasms
  4 giant cockroaches
  2 goblins
  5 hobgoblins
  8 jackals (D:2)
  2 quokkas (D:2)
  4 bats
  4 frilled lizards (D:2)
  13 kobolds
  7 rats
65 creatures vanquished.

Notes
Turn   | Place    | Note
-------+----------+-------------------------------------------
     0 | D:1      | DocSulfur the Troll Hunter began the quest for the Orb.
     0 | D:1      | Reached XP level 1. HP: 19/19 MP: 0/0
   108 | D:1      | Reached skill level 1 in Unarmed Combat
   159 | D:1      | Reached XP level 2. HP: 27/27 MP: 1/1
   788 | D:2      | Reached skill level 4 in Throwing
   788 | D:2      | Reached XP level 3. HP: 27/33 MP: 2/2
   827 | D:2      | Noticed Terence
   846 | D:2      | Killed Terence
   847 | D:2      | Reached XP level 4. HP: 18/41 MP: 3/3
  1629 | D:3      | Found an iron altar of Okawaru.
  1638 | D:3      | Became a worshipper of Warmaster Okawaru
  1671 | D:3      | Found Nyqyher's Distillery.
  1680 | D:3      | Bought a potion of curing for 36 gold pieces
  1691 | D:3      | Found a shadowy altar of Dithmenos.
  1983 | D:3      | Noticed a kobold brigand
  1983 | D:3      | Noticed a kobold brigand
  2037 | D:2      | Succumbed to a kobold brigand's poison

Illustrated notes

Levels and vault maps discovered:
D:1:      saegor_arrival_simple_d, layout_loops_ring
D:2:      layout_loops_cross, minmay_quantized, uniq_terence
D:3:      cheibrodos_thug_alley, layout_loops_ring,
          grunt_dithmenos_smoke_and_mirrors, okawaru_metal_pillars_1_2,
          serial_shops, shop, minmay_misc_feat_tower

Skill      XL: |  1  2  3 |
---------------+----------+-----
Unarmed Combat | 1 2 3 |  3.6
Throwing       | 4 |  4.4
Fighting       | |  1.5
Dodging        | |  1.5
Stealth        | |  0.3

Action                   |  1- 3 |  4- 6 || total
-------------------------+-------+-------++-------
Melee: Unarmed           |    81 |    85 ||   166
       Punch             |       |     1 ||     1
  Use: Potion            |       |     1 ||     1
 Stab: Sleeping          |     1 |     2 ||     3
Armor: Robe              |    36 |    19 ||    55
Dodge: Dodged            |    46 |    25 ||    71

Table legend: (Time is in decaauts)
 A = Elapsed time spent in this place.
 B = Non-inter-level travel time spent in this place.
 C = Inter-level travel time spent in this place.
 D = Time resting spent in this place.
 E = Time spent auto-exploring this place.
 F = Levels seen in this place.
 G = Mean time per level.
                   A        B        C        D        E       F      G
               +--------+--------+--------+--------+--------+-----+--------+
         Total |   2029 |   1925 |    104 |      0 |   1469 |   3 |  676.3 |
       Dungeon |   2029 |   1925 |    104 |      0 |   1469 |   3 |  676.3 |
               +--------+--------+--------+--------+--------+-----+--------+

Top non-repeatable levels by time:
     D:2: 844 daAuts
     D:1: 754 daAuts
     D:3: 430 daAuts
